 Dungeon Crawl Stone Soup version 0.21.1-1-g345015f (webtiles) character file.

4300 Fang the Cleaver (level 10, -5/64 HPs)
             Began as a Gargoyle Berserker on July 26, 2018.
             Was an Elder of Trog.
             Shot with a sling bullet by Joseph (9 damage)
             ... on level 8 of the Dungeon.
             The game lasted 00:11:16 (8385 turns).

Fang the Cleaver (Gargoyle Berserker)               Turns: 8385, Time: 00:11:17

Health: -5/64      AC: 11    Str: 25    XL:     10   Next: 32%
Magic:  10/10      EV: 13    Int: 10    God:    Trog [****..]
Gold:   386        SH:  0    Dex:  9    Spells: 9/9 levels left

rFire    . . .     SeeInvis .   C - +1 hand axe (drain)
rCold    + . .     Gourm    .   (no shield)
rNeg     + . .     Faith    .   q - +2 robe {MR+}
rPois    ∞         Spirit   .   (no helmet)
rElec    +         Reflect  .   (no cloak)
rCorr    .         Harm     .   (no gloves)
MR       +....                  (no boots)
Stlth    ++........             (no amulet)
HPRegen  0.20/turn              D - ring of protection from cold
MPRegen  0.12/turn              p - +3 ring of intelligence

@: berserk cooldown, slowed, very slow
A: negative energy resistance 1, electricity resistance, unbreathing,
petrification resistance, rot immunity, AC +7
a: Berserk, Trog's Hand, Brothers in Arms, Burn Spellbooks, Renounce Religion


You were on level 8 of the Dungeon.
You worshipped Trog.
Trog was greatly pleased with you.
You were hungry.

You visited 2 branches of the dungeon, and saw 9 of its levels.

You collected 386 gold pieces.

Inventory:

Hand Weapons
 a - a +0 hand axe
 z - a +1 hand axe of chopping
 C - a +1 hand axe of draining (weapon)
Armour
 q - a +2 robe of magic resistance (worn)
Jewellery
 p - a +3 ring of intelligence (right hand)
 D - a ring of protection from cold (left hand)
Wands
 d - a wand of acid (5)
 y - a wand of random effects (21)
Scrolls
 g - 3 scrolls of remove curse
 i - 3 scrolls of blinking
 r - a scroll of fog
 u - 2 scrolls of teleportation
 w - a scroll of magic mapping
Potions
 f - 3 potions of lignification
 n - 4 potions of heal wounds
 o - a potion of might
 s - a potion of curing
 t - 2 potions of haste
 x - 2 potions of ambrosia
 E - a potion of magic
 F - a potion of agility {unknown}
Comestibles
 b - 4 chunks of flesh
 c - 14 rations


   Skills:
 + Level 7.9 Fighting
 + Level 9.2 Axes
 + Level 8.4 Armour
 + Level 4.2 Dodging
 + Level 2.6 Stealth


You had 9 spell levels left.
You didn't know any spells.

Dungeon Overview and Level Annotations

Branches:
Dungeon (8/15)             Temple (1/1) D:7
   Lair: D:8-11

Altars:
Cheibriados
Dithmenos
Elyvilon
Fedhas
Gozag
Hepliaklqana
Kikubaaqudgha
Makhleb
Nemelex Xobeh
Okawaru
Qazlal
Ru
Sif Muna
Trog
Vehumet
Wu Jian
Xom
Yredelemnul
Zin
The Shining One

Shops:
D:5 (   D:7 [

Annotations:
D:8 Joseph


Innate Abilities, Weirdness & Mutations

You are resistant to torment.
Your stone body is resilient. (AC +7)
You are immune to poison.
You resist negative energy. (rN+)
You are resistant to electric shocks. (rElec)
You can survive without breathing.
You are immune to petrification.
You are immune to rotting.


Message History

You are too injured to fight recklessly!
You are too injured to fight recklessly!
You are too injured to fight recklessly!
You are too injured to fight recklessly!
You are too injured to fight recklessly!
You are too injured to fight recklessly!
You fail to use your ability.
Joseph barely misses you. x2
Joseph unwields an uncursed quarterstaff.
Joseph wields an uncursed hunting sling of velocity.
Joseph shoots a sling bullet.
The sling bullet barely misses you.
Items here: $ ( ) [ † a sling bullet; a dagger; a robe; 9 gold pieces; an orc corpse Unknown command.
Joseph shoots a sling bullet.
The sling bullet closely misses you.
Unknown command.
Joseph shoots a sling bullet.
The sling bullet hits you!!
* * * LOW HITPOINT WARNING * * *
x2 You see here a sling bullet.
Joseph shoots a sling bullet.
The sling bullet hits you!
You die...

##### #...<....# #.##...#
....#*#........#######.##.#.#####
....+,+.......?...........>......
....#*#.......######.#.#.#.######
....# #..%.....#...#.#.#.#...####
....#######'#.†#.......#.#.#.##..
.........(......(......#.....##.#
########.####.††.###............#
***,,,*#.#######@.###.####.######
,,+,,,+..#.....((...#....[.#....#
,**,,,####..........######.#.##.#
,****** #......(...# #.#..#.# ,*
#.....)@)..# #.#..#.# ,*
##.......### #....#.# **
#.##..#..#*****#..##§§#
**#.*#..<..#,,,,*#..§§§§§
*,.,*#..,#'#+**,*#####§##


You could see Joseph.

Vanquished Creatures
  The ghost of anacleto the Destroyer, a novice DrCj (D:6)
  The ghost of Shockey19 the Shield-Bearer, an amateur GnFi (D:4)
  Sigmund (D:3)
  Eustachio (D:4)
  A human (D:8)
  4 hogs (D:8)
  Edmund (D:5)
  A black bear (D:7)
  An ice beast (D:7)
  A necrophage (D:8)
  3 ogres
  5 centaurs
  The ghost of CelticWarrior the Covered, an amateur GrFi (D:3)
  2 bullfrogs
  2 scorpions
  5 killer bees (D:8)
  A howler monkey (D:5)
  3 crimson imps
  2 hounds
  A bullfrog zombie (D:7)
  A jelly (D:8)
  3 orc priests
  6 orc wizards
  3 bullfrog skeletons
  Natasha (twice) (D:4)
  6 worker ants
  A hound zombie (D:6)
  A hound skeleton (D:8)
  A worker ant zombie (D:7)
  11 adders
  4 gnolls (D:6)
  A shadow imp (D:7)
  An ooze (D:3)
  An adder skeleton (D:7)
  3 worms
  3 dart slugs
  2 leopard geckos
  31 orcs
  3 giant cockroaches
  8 hobgoblins
  7 jackals
  2 quokkas
  A ball python skeleton (D:5)
  9 bats
  4 frilled lizards
  11 goblins
  10 kobolds
  A quokka skeleton (D:7)
  6 rats
181 creatures vanquished.

Notes
Turn   | Place    | Note
-------+----------+-------------------------------------------
     0 | D:1      | Fang the Gargoyle Berserker began the quest for the Orb.
     0 | D:1      | Reached XP level 1. HP: 14/14 MP: 1/1
    57 | D:1      | Reached XP level 2. HP: 11/19 MP: 2/2
   422 | D:1      | Reached skill level 3 in Axes
   657 | D:1      | Reached XP level 3. HP: 24/24 MP: 3/3
  1252 | D:2      | Reached ** piety under Trog
  1256 | D:2      | Reached XP level 4. HP: 21/29 MP: 4/4
  1663 | D:2      | Reached skill level 1 in Stealth
  1745 | D:2      | Found an opulent altar of Gozag.
  1745 | D:2      | Found an ancient bone altar of Kikubaaqudgha.
  1750 | D:2      | Found a glowing golden altar of the Shining One.
  1753 | D:2      | Found a faded altar of an unknown god.
  1755 | D:2      | Found a faded altar of an unknown god.
  1878 | D:3      | Noticed CelticWarrior's ghost (amateur GrFi)
  1911 | D:3      | Killed CelticWarrior's ghost
  1911 | D:3      | Reached skill level 4 in Axes
  1911 | D:3      | Reached XP level 5. HP: 28/33 MP: 5/5
  2572 | D:3      | Reached XP level 6. HP: 22/39 MP: 6/6
  2825 | D:3      | Noticed Sigmund
  2834 | D:3      | Killed Sigmund
  2834 | D:3      | Reached skill level 5 in Axes
  2982 | D:4      | Reached XP level 7. HP: 37/44 MP: 7/7
  3101 | D:4      | Noticed Shockey19's ghost (amateur GnFi)
  3123 | D:4      | Killed Shockey19's ghost
  3123 | D:4      | Reached skill level 5 in Fighting
  3342 | D:4      | Reached skill level 6 in Axes
  3747 | D:4      | Noticed Natasha
  3754 | D:4      | Killed Natasha
  3803 | D:4      | Noticed Eustachio
  3818 | D:4      | Killed Eustachio
  3818 | D:4      | Reached *** piety under Trog
  3818 | D:4      | Reached XP level 8. HP: 50/50 MP: 8/8
  4260 | D:4      | Noticed Natasha
  4270 | D:4      | Killed Natasha
  4449 | D:5      | Entered Level 5 of the Dungeon
  4583 | D:5      | Found an opulent altar of Gozag.
  4604 | D:5      | Noticed Edmund
  4625 | D:5      | Killed Edmund
  4625 | D:5      | Reached skill level 5 in Armour
  4847 | D:5      | Found a glowing silver altar of Zin.
  4903 | D:5      | Found Ellaeqyj's Antique Weapon Boutique.
  5199 | D:5      | Reached skill level 7 in Axes
  5213 | D:5      | Found a shadowy altar of Dithmenos.
  5424 | D:5      | Found a bloodstained altar of Trog.
  6112 | D:6      | Reached XP level 9. HP: 34/56 MP: 9/9
  6333 | D:6      | Reached **** piety under Trog
  6678 | D:6      | Noticed anacleto's ghost (novice DrCj)
  6701 | D:6      | Killed anacleto's ghost
  6701 | D:6      | Reached skill level 8 in Axes
  6984 | D:7      | Found Peuweg's Antique Armour Emporium.
  6985 | D:7      | Found a shadowy altar of Dithmenos.
  7117 | D:7      | Found a staircase to the Ecumenical Temple.
  7728 | Temple   | Entered the Ecumenical Temple
  8057 | D:8      | Reached XP level 10. HP: 63/63 MP: 10/10
  8066 | D:8      | Reached skill level 9 in Axes
  8373 | D:8      | Noticed Joseph
  8384 | D:8      | HP: 3/64 [Joseph/sling bullet (1)]
  8385 | D:8      | Shot with a sling bullet by Joseph

Skill      XL: |  1  2  3  4  5  6  7  8  9 10 |
---------------+-------------------------------+-----
Axes           | 3 4 5 6 7 8 9 |  9.2
Fighting       | 4 5 6 7 |  7.9
Dodging        | 2 3 4 |  4.2
Stealth        | 1 2 |  2.6
Armour         | 3 4 6 7 8 |  8.4

Action                   |  1- 3 |  4- 6 |  7- 9 | 10-12 || total
-------------------------+-------+-------+-------+-------++-------
Melee: Hand axe          |   111 |   154 |   391 |    43 ||   699
Invok: Berserk           |       |     2 |    11 |     2 ||    15
       Burn Spellbooks   |       |       |       |     1 ||     1
  Use: Scroll            |       |       |       |    16 ||    16
 Stab: Sleeping          |       |     1 |       |       ||     1
  Eat: Chunk             |     1 |     8 |    12 |     4 ||    25
       Ration            |       |       |     4 |       ||     4
Armor: Animal skin       |    33 |    29 |       |       ||    62
       Scale mail        |       |    30 |   129 |     3 ||   162
       Robe              |       |       |       |    14 ||    14
Dodge: Dodged            |    84 |   100 |   192 |    55 ||   431
